 Dungeon Crawl Stone Soup version 0.22.0-38-g04b72b8 (webtiles) character file.

120 KobiteSteel the Skirmisher (level 4, -2/42 HPs)
             Began as a Minotaur Wanderer on Aug 30, 2018.
             Slain by a scorpion (6 damage)
             ... on level 2 of the Dungeon.
             The game lasted 00:02:53 (1105 turns).

KobiteSteel the Skirmisher (Minotaur Wanderer)      Turns: 1105, Time: 00:02:54

Health: -2/42      AC:  5    Str: 22    XL:     4   Next: 75%
Magic:  3/3        EV: 10    Int: 13    God:
Gold:   78         SH:  0    Dex: 11    Spells: 3/3 levels left

rFire    . . .     SeeInvis .   a - +2 spear
rCold    . . .     Gourm    .   (no shield)
rNeg     . . .     Faith    .   b - +0 ring mail
rPois    .         Spirit   .   (helmet restricted)
rElec    .         Reflect  .   (no cloak)
rCorr    .         Harm     .   (no gloves)
MR       .....                  (no boots)
Stlth    +.........             (no amulet)
HPRegen  0.14/turn              (no ring)
MPRegen  0.08/turn              (no ring)

@: mighty, brilliant, lethally poisoned (-2 -> -28), hasted, very quick
A: retaliatory headbutt, horns 2
a: no special abilities


You were on level 2 of the Dungeon.
You were not hungry.

You visited 1 branch of the dungeon, and saw 2 of its levels.

You collected 78 gold pieces.

Inventory:

Hand Weapons
 a - a +2 spear (weapon)
 d - a +0 dagger
Armour
 b - a +0 ring mail (worn)
Scrolls
 c - 3 scrolls of teleportation
 g - 4 scrolls of identify
 h - a scroll of blinking {unknown}
Potions
 i - a potion of agility {unknown}
 l - a potion of brilliance
 m - 2 potions of magic
 n - a potion of curing {unknown}
Comestibles
 f - 3 rations


   Skills:
 + Level 5.2 Fighting
   Level 1.2(2.0) Axes
 + Level 2.5(2.7) Polearms
 + Level 3.6 Armour
 + Level 0.7 Dodging
 + Level 1.9 Stealth
   Level 1.2 Shields


You had 3 spell levels left.
You didn't know any spells.
Your spell library contained the following spells:

 Spells                   Type           Power        Failure   Level  Hunger
 Animate Skeleton         Necr           N/A          5%          1    ##.....
 Apportation              Tloc           #.....       5%          1    ##.....
 Confusing Touch          Hex            #.....       5%          1    ##.....
 Summon Small Mammal      Summ           #...         5%          1    ##.....


Dungeon Overview and Level Annotations

Branches:
Dungeon (2/15)

Altars:
Sif Muna


Innate Abilities, Weirdness & Mutations

You reflexively headbutt those who attack you in melee.
You have a pair of horns on your head.


Message History

You feel sick. The scorpion barely misses you.
You hit the scorpion but do no damage.
The scorpion is heavily wounded.
* * * LOW HITPOINT WARNING * * *
You feel sick. The scorpion closely misses you.
You feel yourself speed up.
* * * LOW HITPOINT WARNING * * *
You feel sick. The scorpion stings you.
* * * LOW HITPOINT WARNING * * *
You are more poisoned.
The scorpion poisons you!
It was a potion of brilliance.
You feel clever all of a sudden.
* * * LOW HITPOINT WARNING * * *
You feel sick.
It was a potion of might.
You feel very mighty all of a sudden.
* * * LOW HITPOINT WARNING * * *
You feel sick. The scorpion stings you.
You die...

..# ...≈≈≈ ###.# ..≈≈≈≈
..#.##..≈≈≈≈ #.#.....≈≈≈≈
#.#.....≈≈≈≈ #.#††....≈≈.
#.#ll.l.....
#.#......#####.#s###.....
#.#.............@# ...
.........####.### .
#.....# #.# #.....# #.# .
###.....# #.# #...
........# #.# #...
#.(..†#+####.######
###...
##..#...............
.'... #..#.....##.#......
#...


You could see a scorpion and 2 frilled lizards.

Vanquished Creatures
  Jessica (D:2)
  An adder (D:2)
  An ooze (D:2)
  A worm (D:2)
  2 dart slugs
  3 leopard geckos
  An orc (D:2)
  A ball python (D:1)
  6 bats (D:1)
  2 giant cockroaches (D:1)
  5 hobgoblins
  12 jackals
  A quokka (D:2)
  8 frilled lizards
  8 goblins
  9 kobolds
  4 rats (D:1)
66 creatures vanquished.

Vanquished Creatures (others)
  A frilled lizard (D:1)
1 creature vanquished.

Grand Total: 67 creatures vanquished

Notes
Turn   | Place    | Note
-------+----------+-------------------------------------------
     0 | D:1      | KobiteSteel the Minotaur Wanderer began the quest for the Orb.
     0 | D:1      | KobiteSteel set off with: a +2 spear, a +0 ring mail, a scroll of teleportation, a +0 dagger, a ration
     0 | D:1      | Reached XP level 1. HP: 19/19 MP: 0/0
    70 | D:1      | Reached skill level 4 in Fighting
    74 | D:1      | Reached XP level 2. HP: 24/27 MP: 1/1
   441 | D:1      | Reached XP level 3. HP: 29/34 MP: 2/2
   555 | D:1      | Reached skill level 5 in Fighting
   815 | D:2      | Noticed Jessica
   821 | D:2      | Killed Jessica
   821 | D:2      | Reached XP level 4. HP: 29/42 MP: 3/3
   918 | D:2      | Found a deep blue altar of Sif Muna.
  1105 | D:2      | Slain by a scorpion

Skill      XL: |  1  2  3 |
---------------+----------+-----
Fighting       | 4 5 |  5.2
Armour         | 3 |  3.6
Polearms       | 2 |  2.5
Axes           | |  1.2
Dodging        | |  0.7
Stealth        | |  1.9
Shields        | |  1.2

Action                   |  1- 3 |  4- 6 || total
-------------------------+-------+-------++-------
Melee: Spear             |    91 |    58 ||   149
       Headbutt          |    10 |     5 ||    15
  Use: Scroll            |       |     3 ||     3
       Potion            |       |     3 ||     3
 Stab: Distracted        |     1 |       ||     1
  Eat: Ration            |       |     1 ||     1
Armor: Ring mail         |    26 |    21 ||    47
Dodge: Dodged            |    48 |    44 ||    92
